Map: Dusk Towers

Players

DeMusliM - Winner!

  • Race: Terran Terran
  • League: Master

rotab

  • Race: Zerg Zerg
  • League: Master

VOD

Have the link to the VOD?

Description

Time

  • Played on: Feb. 5, 2016, 12:01 p.m.
  • Length: 16:44
Show
View Real Time Build Order
Export as new Build Order

DeMusliM Terran - Winner!

Build Orders: Reaper Expand, MMM Bio 

Get SALT Encoding   

  12  0:00  SCV  
  13  0:13  SCV  
  14  0:17  Supply Depot  
  14  0:25  SCV  
  15  0:38  SCV  
  15  0:40  Barracks  
  16  0:45  Refinery  
  16  0:50  SCV  
  17  1:03  SCV  
  18  1:15  SCV  
  19  1:28  Orbital Command  
  19  1:29  Reaper  
  20  1:38  Command Center  
  20  1:45  Supply Depot  
  20  1:53  SCV  
  21  2:01  Marine  
  21  2:05  SCV  
  23  2:10  Factory  
  23  2:13  Refinery  
  23  2:25  Barracks Reactor  
  23  2:27  SCV  
  24  2:39  SCV  
  27  2:51  Orbital Command, SCV  
  27  2:57  Starport  
  26  3:00  Widow Mine  
  26  3:01  Marine x2  
  26  3:03  SCV  
  31  3:15  SCV  
  31  3:19  Marine x2, SCV  
  35  3:21  Supply Depot  
  35  3:27  SCV  
  35  3:28  Refinery  
  35  3:30  Factory Tech Lab  
  35  3:31  SCV  
  35  3:33  Medivac  
  39  3:37  Marine x2  
  39  3:39  SCV  
  42  3:44  SCV  
  43  3:48  Command Center  
  43  3:51  SCV  
  43  3:56  SCV  
  43  3:57  Siege Tank  
  47  4:03  Medivac  
  47  4:06  Marine x2  
  47  4:08  SCV  
  52  4:10  Supply Depot  
  52  4:12  SCV  
  53  4:18  Supply Depot  
  53  4:21  SCV  
  53  4:22  Liberator  
  54  4:32  Siege Tank, SCV  
  54  4:36  SCV  
  54  4:37  Marine x2  
  61  4:44  SCV  
  65  4:48  SCV  
  65  4:49  Barracks  
  66  4:55  Marine x2  
  66  4:57  SCV  
  69  5:06  Orbital Command  
  68  5:13  SCV x2  
  70  5:14  Siege Tank  
  70  5:20  Barracks, Engineering Bay  
  73  5:22  Medivac  
  73  5:25  SCV  
  76  5:32  Marine  
  76  5:33  Marine  
  76  5:38  Barracks Tech Lab  
  76  5:39  Engineering Bay  
  76  5:42  SCV x2  
  78  5:44  Barracks, Refinery, SCV  
  78  5:45  Barracks  
  78  5:48  Terran Infantry Weapons Level 1  
  79  5:54  Missile Turret  
  72  5:57  SCV  
  72  5:58  SCV  
  72  5:59  Missile Turret  
  72  6:00  SCV, Missile Turret  
  75  6:04  Marine, Stimpack  
  75  6:11  Terran Infantry Armor Level 1, Starport Reactor  
  76  6:13  Marine  
  76  6:14  Barracks Tech Lab  
  77  6:25  Supply Depot  
  75  6:27  Marine x2  
  75  6:28  Armory  
  75  6:30  SCV x2  
  75  6:31  SCV  
  75  6:32  Marine  
  82  6:33  Marine  
  82  6:35  Barracks Reactor  
  82  6:38  Combat Shields  
  82  6:41  Supply Depot  
  82  6:43  Supply Depot, Orbital Command  
  82  6:45  Marine x2  
  82  6:46  SCV x2  
  86  6:49  Medivac x2  
  86  6:52  Barracks Reactor  
  90  6:55  Supply Depot  
  90  6:57  Barracks  
  87  7:03  Marine x3  
  90  7:09  Supply Depot, Missile Turret  
  90  7:10  Supply Depot, SCV, Missile Turret  
  90  7:11  SCV  
  90  7:13  SCV  
  90  7:15  Marine x2  
  95  7:19  Marine  
  95  7:20  Marine  
  96  7:23  SCV  
  96  7:27  Marine x2  
  96  7:28  Marine, Thor  
  105  7:30  Marine  
  105  7:34  SCV x2  
  105  7:35  SCV  
  108  7:42  Marine x3  
  108  7:43  Marine, Terran Infantry Weapons Level 2  
  111  7:46  SCV  
  111  7:48  Medivac  
  111  7:49  Marine x2, Medivac  
  118  7:51  Supply Depot  
  118  7:53  SCV  
  118  7:54  Supply Depot, SCV  
  118  7:56  Refinery  
  118  7:57  Refinery  
  120  8:02  SCV  
  120  8:04  Marine  
  120  8:05  Marauder  
  125  8:06  SCV, Terran Infantry Armor Level 2  
  126  8:16  Marine x2, Barracks Reactor  
  126  8:17  Marine  
  129  8:22  Marine, Marauder  
  129  8:25  Marine  
  129  8:26  Marine  
  133  8:33  Medivac  
  133  8:34  Marine x3, Medivac  
  136  8:38  Supply Depot x3  
  136  8:39  Supply Depot  
  136  8:40  Marine  
  136  8:41  Refinery  
  140  8:43  Marine x2  
  142  8:52  Marine x2  
  142  8:54  Marine x3  
  147  8:59  Thor  
  147  9:01  Marauder  
  155  9:03  Medivac x2  
  147  9:11  Marine, Marauder  
  147  9:12  Marine  
  147  9:13  Marine  
  118  9:21  Marine x2  
  118  9:22  Marine x3  
  118  9:23  Marauder  
  80  9:24  Liberator  
  122  9:27  Command Center  
  122  9:28  Marine  
  122  9:30  Marine x2  
  125  9:32  Marine  
  125  9:36  Concussive Shells  
  126  9:39  Marine x3  
  126  9:42  Liberator  
  126  9:44  Marauder  
  134  9:50  Marauder  
  123  9:53  Marine  
  123  9:56  Marine  
  123  9:57  Marine  
  123  10:05  Marine x2  
  123  10:06  Marine x2, Marauder  
  128  10:12  Marauder  
  128  10:13  Marine x2, Barracks, Starport  
  132  10:14  Marine  
  132  10:16  Barracks  
  139  10:23  Liberator  
  139  10:25  Fusion Core, Liberator  
  139  10:27  Marauder  
  129  10:39  Marine x5, Marauder  
  136  10:44  SCV x3  
  136  10:45  Marine  
  136  10:48  Marauder  
  142  10:53  Starport Tech Lab  
  142  10:54  Marine x2  
  142  10:55  Terran Infantry Weapons Level 3  
  142  10:56  Marine, SCV x3, Terran Infantry Armor Level 3  
  148  11:00  Marauder  
  148  11:03  Marine x3, Barracks Tech Lab  
  153  11:04  Barracks Tech Lab  
  153  11:08  Planetary Fortress  
  153  11:09  SCV x2  
  153  11:10  Marauder  
  157  11:15  Marine  
  158  11:22  Marauder  
  158  11:24  Marine  
  158  11:25  Marauder  
  160  11:27  Marine, Marauder  
  157  11:34  Marine x2, Marauder  
  157  11:35  Marine  
  157  11:36  Medivac x2  
  157  11:37  Advanced Ballistics, Medivac  
  168  11:42  Marine  
  168  11:43  Marauder  
  168  11:46  Marauder  
  171  11:48  Marauder  
  171  11:52  Marine  
  160  11:56  Marauder  
  160  11:58  Marine  
  163  12:05  Marauder  
  163  12:06  Command Center, Medivac x2  
  163  12:07  Medivac  
  166  12:16  Marine, Marauder  
  166  12:19  Liberator x2  
  166  12:20  Marine, Liberator  
  166  12:21  Marine x6, Marauder x2  
  177  12:30  Marauder  
  177  12:34  Marine  
  186  12:43  Marine  
  186  12:44  Marine x2  
  190  12:48  Marine  
  190  12:49  Marauder  
  190  12:51  Marine  
  196  12:53  Supply Depot  
  196  13:01  Liberator  
  196  13:02  Liberator  
  196  13:05  Command Center  
  196  13:06  Command Center  
  196  13:07  Marine, Marauder  
  196  13:10  Marauder  
  184  13:31  SCV  
  184  13:32  Building Armor  
  184  13:33  Marine, Marauder  
  178  13:44  Liberator  
  154  13:48  Marine  
  154  13:49  Marauder  
  154  13:51  Marine x2, Marauder  
  160  13:57  Marine x4, Marauder  
  160  13:58  SCV x4  
  166  14:10  SCV  
  167  14:21  Medivac  
  167  14:22  Medivac  
  157  14:26  Marine, Marauder, Liberator  
  157  14:31  Marine, Marauder  
  163  14:32  Orbital Command  
  163  14:34  Liberator  
  163  14:37  Refinery  
  163  14:38  Planetary Fortress  
  163  14:45  SCV x4  
  173  14:54  Marine, Medivac  
  173  14:55  Marine x3, Marauder x2  
  183  15:00  Missile Turret x2  
  183  15:01  Barracks Reactor, Refinery  
  183  15:03  Missile Turret  
  183  15:09  Marine x2, Marauder  
  183  15:10  Marauder  
  183  15:11  Liberator  
  183  15:12  Marine  
  190  15:16  Marauder  
  190  15:17  Liberator  
  192  15:24  Medivac  
  198  15:57  Marine  
  198  15:58  Marauder  
  198  15:59  Marine x2, Marauder  
  198  16:00  Marauder  
  198  16:03  Marine  
  198  16:04  Marauder  
  167  16:05  Marine x4  
  169  16:15  Marine  
  169  16:17  Marine x2  
  161  16:19  Marauder  
  161  16:21  Marine, Marauder x2  
  161  16:23  Marine x2  
  161  16:24  Marine x2  
Show
View Real Time Build Order
Export as new Build Order

rotab Zerg 

Build Orders: Hatch First, Muta Ling Bane 

Get SALT Encoding   

  12  0:00  Drone  
  13  0:08  Drone  
  14  0:17  Overlord  
  14  0:24  Extractor, Drone  
  15  0:35  Drone  
  16  0:48  Hatchery  
  15  0:51  Drone  
  15  0:54  Drone  
  17  1:05  Extractor  
  17  1:10  Spawning Pool  
  15  1:13  Drone  
  15  1:16  Drone  
  17  1:20  Drone  
  18  1:26  Drone  
  19  1:38  Drone  
  20  1:48  Overlord  
  20  1:57  Queen  
  20  2:00  Queen  
  20  2:01  Zergling x4  
  26  2:07  Metabolic Boost  
  26  2:09  Drone  
  26  2:12  Drone  
  28  2:21  Drone  
  29  2:27  Drone  
  30  2:32  Queen  
  30  2:33  Drone  
  33  2:38  Drone  
  33  2:45  Drone  
  33  2:47  Lair  
  33  2:49  Drone  
  35  2:53  Overlord  
  35  2:56  Drone  
  36  3:12  Zergling x2  
  37  3:15  Drone x2  
  37  3:16  Overlord, Drone x3  
  37  3:19  Drone  
  43  3:25  Drone  
  43  3:26  Extractor  
  43  3:28  Zergling x2  
  43  3:29  Evolution Chamber  
  42  3:43  Hatchery, Drone x3  
  42  3:45  Drone  
  42  3:46  Extractor  
  44  3:55  Drone  
  46  3:58  Drone x4  
  49  4:04  Spire  
  49  4:07  Drone  
  49  4:09  Extractor  
  48  4:10  Drone  
  48  4:12  Drone  
  50  4:19  Drone  
  51  4:30  Overlord  
  51  4:32  Overlord  
  51  4:39  Overlord  
  51  4:43  Overlord  
  51  4:52  Zergling x2  
  52  4:54  Zergling x2  
  52  4:55  Zergling x4  
  52  4:56  Zergling x2  
  52  4:57  Zergling x4  
  56  5:00  Zergling x4  
  56  5:01  Zergling x2  
  56  5:05  Overseer  
  59  5:21  Mutalisk  
  59  5:22  Mutalisk x5  
  71  5:29  Drone x3  
  71  5:34  Zerg Flyer Weapons Level 1  
  70  5:38  Mutalisk  
  70  5:40  Drone x2  
  74  5:54  Drone x3  
  74  5:55  Drone x2  
  79  5:57  Evolution Chamber  
  79  5:58  Drone  
  79  6:00  Evolution Chamber, Drone x2  
  79  6:01  Baneling Nest  
  79  6:03  Zerg Ground Armor Level 1  
  79  6:10  Drone x2  
  81  6:15  Infestation Pit  
  81  6:16  Drone  
  81  6:23  Overlord  
  81  6:25  Overlord  
  81  6:26  Pneumatized Carapace  
  81  6:28  Overlord  
  74  6:35  Drone x5  
  74  6:36  Drone x2  
  80  6:40  Zerg Melee Weapons Level 1  
  80  6:52  Drone x4  
  83  6:55  Drone x3  
  83  6:57  Drone x2  
  88  7:02  Centrifical Hooks, Spore Crawler  
  88  7:04  Overlord  
  88  7:05  Infestor  
  89  7:11  Infestor  
  89  7:14  Zergling x2  
  92  7:16  Zergling x2  
  92  7:20  Zergling x8  
  97  7:29  Overlord  
  97  7:30  Extractor  
  97  7:31  Drone  
  97  7:32  Zergling x8  
  97  7:33  Extractor, Zergling x2  
  101  7:39  Zergling x6  
  101  7:41  Zergling x2  
  105  7:50  Infestor  
  105  7:51  Infestor  
  109  7:54  Zergling x2  
  109  7:56  Zergling x8  
  114  8:02  Zergling x4  
  114  8:04  Baneling x6  
  114  8:05  Zergling x2, Baneling  
  117  8:08  Hive  
  117  8:09  Zergling x4  
  117  8:11  Queen  
  121  8:13  Zergling x2, Hatchery  
  121  8:15  Overlord  
  121  8:33  Baneling x8  
  121  8:34  Baneling x9  
  121  8:35  Zergling x2  
  121  8:36  Zergling x14  
  129  8:42  Baneling x5  
  129  9:05  Zergling x8  
  111  9:13  Zergling x4  
  95  9:18  Zergling x4  
  95  9:19  Zergling x4  
  95  9:20  Corruptor x2  
  101  9:24  Zerg Ground Armor Level 2  
  101  9:25  Ultralisk Cavern  
  101  9:27  Zergling x2  
  101  9:28  Zergling x14  
  108  9:32  Zergling x2  
  108  9:33  Baneling x9  
  108  9:36  Zergling x4  
  108  9:37  Queen  
  113  9:42  Zergling x4  
  115  9:52  Zergling x2  
  103  9:55  Zergling x2  
  103  9:56  Zergling x8  
  103  9:57  Zergling x2  
  103  9:58  Baneling x2  
  103  9:59  Zergling x4  
  108  10:02  Zergling x2  
  108  10:03  Drone  
  108  10:06  Zerg Melee Weapons Level 2  
  110  10:09  Infestor  
  110  10:11  Chitinous Plating  
  112  10:14  Zergling x6  
  112  10:16  Zergling x2, Baneling x2  
  112  10:17  Baneling  
  112  10:18  Drone x3  
  112  10:19  Zergling x2  
  112  10:21  Overlord  
  109  10:33  Ultralisk  
  113  10:35  Ultralisk  
  113  10:42  Drone  
  113  10:43  Drone x3  
  113  10:44  Extractor  
  113  10:45  Baneling x2  
  113  10:47  Extractor  
  120  10:50  Ultralisk  
  120  10:58  Overlord  
  120  11:02  Baneling x4  
  120  11:03  Zergling x6  
  123  11:08  Adrenal Glands  
  123  11:11  Zergling x4  
  123  11:12  Zergling x2  
  120  11:29  Zergling x2  
  113  11:33  Corruptor x4  
  118  11:41  Zergling x8  
  118  11:43  Zergling x4  
  118  11:44  Zergling x2  
  117  11:56  Baneling  
  117  11:57  Corruptor, Baneling  
  119  12:02  Baneling x3  
  119  12:05  Overlord x2  
  114  12:17  Overlord x3  
  114  12:20  Overlord  
  112  12:30  Ultralisk x2  
  112  12:31  Zergling x6  
  112  12:35  Baneling x4  
  112  12:36  Zergling x4, Hatchery, Baneling  
  127  12:39  Zergling x2  
  127  12:41  Zergling x4  
  127  12:44  Zergling x4  
  132  12:48  Zergling x2  
  133  12:54  Zergling x2  
  133  12:55  Zergling x2  
  133  12:56  Zergling x2  
  133  12:58  Zergling x6  
  137  13:14  Zergling x4  
  137  13:15  Ultralisk  
  137  13:16  Ultralisk  
  134  13:39  Ultralisk  
  134  13:40  Ultralisk  
  125  13:49  Zergling x8  
  125  13:51  Zergling x2  
  125  13:58  Zergling x2  
  121  14:03  Zergling x4  
  123  14:10  Zergling x6  
  124  14:20  Zergling x4  
  116  14:29  Infestor x3  
  122  14:34  Baneling  
  122  14:35  Zergling x4  
  124  14:49  Overseer  
  124  14:52  Infestor x2  
  128  15:00  Baneling x2  
  128  15:03  Zergling x8  
  132  15:09  Zergling x2  
  132  15:10  Zergling x2  
  132  15:14  Zergling x4  
  127  15:30  Zergling x2  
  126  15:47  Ultralisk  
  126  15:48  Zergling x4  
  70  16:23  Zergling x12  
  75  16:26  Zergling x2  
Tags
 
Add a new tag
Caveats
  • Supply blocks, unpowered buildings, or Contaminate may cause inaccurate times.
  • Supply counts are checked every 10 seconds.